 Dungeon Crawl Stone Soup version 0.21-a0-349-g0c35859 (webtiles) character file.

60 tidbits the Scratcher (level 3, 5/15 HPs)
             Began as a Felid Transmuter on Oct 8, 2017.
             Quit the game on level 3 of the Dungeon.
             The game lasted 00:09:07 (844 turns).

tidbits the Scratcher (Felid Transmuter)             Turns: 844, Time: 00:09:07

Health: 5/15       AC:  1    Str:  6    XL:     3   Next: 82%
Magic:  3/7        EV: 18    Int: 13    God:
Gold:   102        SH:  0    Dex: 16    Spells: 3/6 levels left
                                        Lives:  0   Deaths: 1

rFire    . . .     SeeInvis +     - Unarmed
rCold    . . .     Gourm    .   (shield unavailable)
rNeg     . . .     Faith    .   (armour unavailable)
rPois    +         Spirit   .   (helmet unavailable)
rElec    +         Reflect  .   (cloak unavailable)
rCorr    .         Harm     .   (gloves unavailable)
MR       .....                  (boots unavailable)
Stlth    +++.......             (no amulet)
HPRegen  0.05/turn              (no ring)
MPRegen  0.10/turn              (no ring)

@: appendage, very slightly contaminated, quick
A: no armour, no weapons or thrown items, stealth, claws 1, fangs 3, horns 2,
see invisible, carnivore 3, dopey 1, speed 1, poison resistance, shaggy fur 1,
electricity resistance, slow metabolism 1, sharp paws
a: End Transformation


You were on level 3 of the Dungeon.
You were full.
You had grown temporary horns.
You visited 1 branch of the dungeon, and saw 3 of its levels.

You collected 102 gold pieces.

Inventory:

Missiles
 a - 2 arrows
Scrolls
 f - a scroll of teleportation {unknown}
 g - 4 scrolls of identify {unknown}
Books
 b - a book of Changes

   Spells                             Type                      Level
   a - Beastly Appendage              Transmutation                1
   b - Sticks to Snakes               Transmutation                2
   c - Spider Form                    Transmutation/Poison         3
   d - Ice Form                       Ice/Transmutation            4
   e - Blade Hands                    Transmutation                5
Comestibles
 c - 2 meat rations
 d - a royal jelly


   Skills:
 - Level 1.3 Fighting
 - Level 3.0 Dodging
 + Level 3.8 Stealth
 + Level 4.2 Unarmed Combat
 - Level 2.1 Spellcasting
 - Level 2.4 Transmutations


You had 3 spell levels left.
You knew the following spells:

 Your Spells              Type           Power        Failure   Level  Hunger
e - Beastly Appendage     Tmut           #.....       9%          1    ##.....
k - Sticks to Snakes      Tmut           #.......     14%         2    ###....


Dungeon Overview and Level Annotations

Branches:
Dungeon (3/15)

Altars:

Annotations:
D:2 Natasha


Innate Abilities, Weirdness & Mutations

You cannot wear armour.
You are incapable of wielding weapons or throwing items.
Your paws allow you to move quietly. (Stealth)
You have sharp claws.
You have razor-sharp teeth.
You have supernaturally acute eyesight. (SInv)
You are carnivorous and can eat meat at any time.
You cover ground quickly.
You are covered in fur. (AC +1)
You have a slow metabolism.
Your sharp claws are effective at attacking unaware monsters.
You have a pair of horns on your head.
You are dopey. (Int -2)
Your system is resistant to poisons. (rPois)
You are resistant to electric shocks. (rElec)


Message History

Anything else - Cancel.
You meow for attention!
Your horns disappear.
Natasha hisses angrily.
Casting: Sticks to Snakes
Confirm with . or Enter, or press ? or * to list all spells.
You grow a pair of large bovine horns.
You swap places.
Casting: Beastly Appendage
Confirm with . or Enter, or press ? or * to list all spells.
You create a snake!
You now have 3 arrows.
Natasha claws you!
* * * LOW HITPOINT WARNING * * *
Unknown command.
It was a potion of ambrosia.
You are confused.
You feel invigorated. Natasha claws you!
You die...
Your shape twists and changes as you die.
You are now level 3!
Your horns disappear.
You rejoin the land of the living...
There is a stone staircase leading down here.
You climb downwards.
A frilled lizard comes into view.
There is a stone staircase leading up here.
Unknown command.
Casting: Sticks to Snakes
Confirm with . or Enter, or press ? or * to list all spells.
You miscast Beastly Appendage.
You are very lightly contaminated with residual magic.
Nothing appears to happen.
The frilled lizard hisses angrily.
An orc comes into view.
Casting: Beastly Appendage
Confirm with . or Enter, or press ? or * to list all spells.
You miscast Beastly Appendage.
Nothing appears to happen.
The orc shouts!
You hear a shout! x3
Casting: Beastly Appendage
Confirm with . or Enter, or press ? or * to list all spells.
You grow a pair of large bovine horns.
The frilled lizard bites you.
You barely miss the frilled lizard. Your bite misses the frilled lizard.
The frilled lizard closely misses you.
You scratch the frilled lizard.
You kill the frilled lizard!
An orc comes into view. It is wielding a dagger.
You barely miss the orc. Your bite misses the orc. The orc hits you.
You claw the orc!
You kill the orc!
You see here an orc corpse.
You closely miss the orc. The orc hits you but does no damage.
You scratch the orc.
The orc is almost dead.
The orc closely misses you.
You barely miss the orc. You bite the orc.
You kill the orc!
Things that are here:
a dagger; an orc corpse You butcher the orc corpse.
h - 3 chunks of flesh You see here a dagger.
Eat one of 3 chunks of flesh? (ye/n/q)
You eat one of the 3 chunks of flesh.
This raw flesh tastes great.
Eat one of 2 chunks of flesh? (ye/n/q)
You eat one of the 2 chunks of flesh.
This raw flesh tastes great.
Eat a chunk of flesh? (ye/n/q)
You eat the chunk of flesh.
This raw flesh tastes great.
Your transformation is almost over. 2 orcs and an orc priest come into view.
Unknown command.
Casting: Beastly Appendage
Confirm with . or Enter, or press ? or * to list all spells.
You create a snake!
You now have 2 arrows.
The orc shouts!
You hear a shout!
The orc throws a tomahawk.
The tomahawk barely misses you.
The orc throws a tomahawk.
The tomahawk misses you.
You see here a tomahawk.
You see here a tomahawk.
Okay, then.
The orc throws a tomahawk.
The tomahawk hits you.
You see here 2 tomahawks.
Really quaff
e - a potion of mutation {!q}?
You feel extremely strange.
You feel more energetic.
You regain control of your magic.
You feel stupid.
You feel resistant to poisons.
Your horns disappear.
The orc throws a tomahawk.
The tomahawk closely misses you.
Casting: Sticks to Snakes
Confirm with . or Enter, or press ? or * to list all spells.
You grow a pair of large bovine horns.
You swap places.
You swap places.
You see here 2 tomahawks.
You see here a tomahawk.
The orc closely misses you.
You scratch the orc but do no damage. The orc hits you with a short sword.
* * * LOW HITPOINT WARNING * * *
Are you sure you want to abandon this character and quit the game? (Confirm with "yes".)

####
#..
#.###
#<..#
#.#.#
#†#.#
#.#.#
#o#o#
#@#o#
#S#.#
#o#.#
#(..#
#####


You could see an orc priest, an orc and a friendly ball python.

Vanquished Creatures
  Natasha (twice) (D:2)
  3 adders (D:2)
  A worm (D:2)
  2 dart slugs (D:1)
  2 orcs (D:3)
  2 giant cockroaches
  4 goblins
  5 hobgoblins
  4 kobolds
  3 bats (D:1)
  2 frilled lizards
  7 rats
37 creatures vanquished.

Vanquished Creatures (collateral kills)
  An adder (D:2)
  A frilled lizard (D:2)
2 creatures vanquished.

Grand Total: 39 creatures vanquished

Notes
Turn   | Place    | Note
-------+----------+-------------------------------------------
     0 | D:1      | tidbits the Felid Transmuter began the quest for the Orb.
     0 | D:1      | Reached XP level 1. HP: 9/9 MP: 4/4
   126 | D:1      | Reached XP level 2. HP: 6/12 MP: 6/6
   132 | D:1      | Reached skill level 3 in Dodging
   255 | D:1      | HP: 1/12 [rat (1)]
   260 | D:1      | Learned a level 2 spell: Sticks to Snakes
   289 | D:1      | HP: 1/12 [bat (1)]
   323 | D:1      | HP: 1/12 [rat (1)]
   325 | D:1      | Reached skill level 1 in Stealth
   495 | D:2      | Reached XP level 3. HP: 7/15 MP: 1/7
   499 | D:2      | Noticed Natasha
   508 | D:2      | Killed Natasha
   508 | D:2      | Reached skill level 2 in Stealth
   529 | D:2      | Noticed Natasha
   538 | D:2      | Gained mutation: Your magical capacity is low. (-10% MP) [potion of mutation]
   538 | D:2      | Gained mutation: Your spells are a little harder to cast, but a little more powerful. [potion of mutation]
   538 | D:2      | Gained mutation: You are resistant to electric shocks. (rElec) [potion of mutation]
   542 | D:2      | Killed Natasha
   542 | D:2      | Reached skill level 3 in Stealth
   542 | D:2      | Reached XP level 4. HP: 13/19 MP: 0/7
   544 | D:2      | Reached skill level 4 in Unarmed Combat
   777 | D:2      | Noticed Natasha
   790 | D:2      | HP: 1/19 [Natasha (8)]
   791 | D:2      | Slain by Natasha
   792 | D:2      | Reached XP level 3. HP: -2/15 MP: 6/6
   837 | D:3      | Lost mutation: Your magical capacity is low. (-10% MP) [potion of mutation]
   837 | D:3      | Lost mutation: Your spells are a little harder to cast, but a little more powerful. [potion of mutation]
   837 | D:3      | Gained mutation: You are dopey. (Int -2) [potion of mutation]
   837 | D:3      | Gained mutation: Your system is resistant to poisons. (rPois) [potion of mutation]
   844 | D:3      | Quit the game

Vault maps used:
D:1:      evilmike_arrival_crescent
D:2:      grunt_decor_one_mirror, uniq_natasha
D:3:      lemuel_doored_altar, chequers_ecumenical_altar_grove

Skill      XL: |  1  2  3  4 |
---------------+-------------+-----
Dodging        | 3 |  3.0
Stealth        | 1 3 |  3.8
Unarmed Combat | 4 |  4.2
Fighting       | |  1.3
Spellcasting   | |  2.1
Transmutations | |  2.4

Action                   |  1- 3 |  4- 6 || total
-------------------------+-------+-------++-------
Melee: Unarmed           |    64 |    27 ||    91
       Bite              |     9 |     1 ||    10
       Headbutt          |     4 |     3 ||     7
 Cast: Beastly Appendage |    17 |     7 ||    24
       Sticks to Snakes  |     5 |     5 ||    10
  Use: Potion            |     4 |     1 ||     5
 Stab: Distracted        |     1 |       ||     1
       Sleeping          |       |     4 ||     4
  Eat: Chunk             |     3 |     3 ||     6
Armor: Skin              |     4 |     7 ||    11
Dodge: Dodged            |    49 |    12 ||    61

Table legend:
 A = Spawn XP
 B = Non-spawn XP
 C = Spawn XP percentage of total XP
 D = Spawn monster count
 E = Non-spawn monster count
 F = Spawn count percentage of total count
 G = Total turns spent on level
                    A         B        C        D         E        F      G
               +---------+---------+-------+---------+---------+-------+---------
         Total |       0 |     174 |   0.0 |       0 |      39 |   0.0 |   844
               +---------+---------+-------+---------+---------+-------+---------
           D:1 |       0 |      33 |   0.0 |       0 |      17 |   0.0 |   481
           D:2 |       0 |     134 |   0.0 |       0 |      19 |   0.0 |   324
           D:3 |       0 |       7 |   0.0 |       0 |       3 |   0.0 |    39
               +---------+---------+-------+---------+---------+-------+---------

Table legend:
 A = Turns spent in this place as a percentage of turns spent in the entire game.
 B = Non-inter-level travel turns spent in this place as a percentage of non-inter-level travel turns spent in the entire game.
 C = Inter-level travel turns spent in this place as a percentage of turns spent in this place.
 D = Turns resting spent in this place as a percentage of non-inter-level travel turns spent in this place.
 E = Turns spent auto-exploring this place as a percentage of non-inter-level travel turns spent in this place.
 F = Non-inter-level travel turns spent in this place divided by the number of levels of this place that you've seen.
                   A       B       C       D       E      F
               +-------+-------+-------+-------+-------+----------------------
         Total | 100.0 | 100.0 |   0.0 |   0.0 |   0.0 | 281.3
       Dungeon | 100.0 | 100.0 |   0.0 |   0.0 |   0.0 | 281.3
               +-------+-------+-------+-------+-------+----------------------

Table legend:
 A = Kills in this place as a percentage of kills in entire the game.
 B = Kills by you in this place as a percentage of kills by you in the entire game.
 C = Kills by friends in this place as a percentage of kills by friends in the entire game.
 D = Other kills in this place as a percentage of other kills in the entire game.
 E = Experience gained in this place as a percentage of experience gained in the entire game.
 F = Experience gained in this place divided by the number of levels of this place that you have seen.
                   A       B       C       D       E      F
               +-------+-------+-------+-------+-------+----------------------
         Total | 100.0 | 100.0 | 100.0 |   N/A | 100.0 |  58.0
       Dungeon | 100.0 | 100.0 | 100.0 |   N/A | 100.0 |  58.0
               +-------+-------+-------+-------+-------+----------------------

Vault maps used:
D:1:      evilmike_arrival_crescent
D:2:      grunt_decor_one_mirror, uniq_natasha
D:3:      lemuel_doored_altar, chequers_ecumenical_altar_grove
